 Seeded DCSS version 0.28-a0-1613-gdaab1c2f9b (webtiles) character file.

Game seed: 11 (custom seed)

62 knot the Chopper (level 3, -4/43 HPs)
             Began as a Demonspawn Berserker on Jan 21, 2022.
             Was a Believer of Trog.
             Slain by a river rat (7 damage)
             ... on level 3 of the Dungeon.
             The game lasted 00:01:11 (2344 turns).

knot the Chopper (Demonspawn Berserker)             Turns: 2344, Time: 00:01:11

Health: -4/43      AC:  2    Str: 17    XL:     3   Next: 85%
Magic:  3/3        EV: 12    Int: 10    God:    Trog [**....]
Gold:   85         SH:  0    Dex: 12    Spells: 2/2 levels left

rFire   . . .      SeeInvis .   a - +0 hand axe
rCold   . . .      Faith    .   (no shield)
rNeg    . . .      Spirit   .   b - +0 animal skin
rPois   .          Reflect  .   (no helmet)
rElec   .          Harm     .   (no cloak)
rCorr   .          Rampage  .   (no gloves)
Will    .....                   (no boots)
Stlth   ..........              (no amulet)
HPRegen 0.14/turn               (no ring)
MPRegen 0.08/turn               (no ring)

@: berserking, very quick
A: powered by death 1, sturdy frame 1
a: Renounce Religion, Berserk, Trog's Hand


You were on level 3 of the Dungeon.
You worshipped Trog.
Trog was pleased with you.
You visited 1 branch of the dungeon, and saw 3 of its levels.

You collected 85 gold pieces.

Inventory:

Hand Weapons
 a - a +0 hand axe (weapon)
Missiles
 d - 39 stones (quivered)
 i - 2 boomerangs
Armour
 b - a +0 animal skin (worn)
Scrolls
 e - 5 scrolls of identify {unknown}
 k - a scroll of enchant weapon {unknown}
 l - a scroll of fog {unknown}
Potions
 c - 3 potions of brilliance {unknown}
 f - 2 potions of mutation {unknown}
 g - a potion of attraction {unknown}
 h - 2 potions of lignification {unknown}
 j - a potion of curing {unknown}


   Skills:
 - Level 3.0 Fighting
 + Level 4.4 Axes
 - Level 1.7 Armour
 - Level 1.7 Dodging


You had 2 spell levels left.
You didn't know any spells.
Your spell library contained the following spells:

 Spells                   Type           Power      Damage    Failure   Level
 Blink                    Tloc           0%         N/A       50%         2
 Manifold Assault         Tloc           0%         N/A       100%        5
 Storm Form               Tmut/Air       0%         N/A       100%        7


Dungeon Overview and Level Annotations

Branches:
Dungeon (3/15)

Altars:

Portals:
Sewer: D:3


Innate Abilities, Weirdness & Mutations

You regenerate a little health from kills.
Your movements are slightly less encumbered by armour. (ER -2)


Message History

You hit the rat but do no damage. The rat bites you.
The river rat closely misses you.
You closely miss the river rat.
The river rat is lightly wounded.
You barely miss the rat. The rat misses you.
The river rat bites you but does no damage.
You barely miss the river rat.
The river rat is lightly wounded.
You closely miss the rat. The rat misses you. The river rat bites you.
You hit the river rat but do no damage.
The river rat is lightly wounded.
You hit the rat.
You kill the rat!
Trog accepts your kill. The river rat bites you.
You hit the river rat.
The river rat is heavily wounded.
The river rat barely misses you.
You completely miss the river rat.
The river rat is heavily wounded.
The river rat bites you.
You hit the river rat.
The river rat is severely wounded.
The river rat barely misses you.
You closely miss the river rat.
The river rat is severely wounded.
The river rat bites you. The river rat bites you!
* * * LOW HITPOINT WARNING * * *
You are too injured to fight recklessly!
A red film seems to cover your vision as you go berserk!
You feel yourself moving faster!
You feel mighty! The river rat misses you.
You closely miss the river rat.
The river rat is severely wounded.
You barely miss the river rat.
The river rat is severely wounded.
The river rat barely misses you.
You barely miss the river rat.
The river rat is severely wounded.
The river rat bites you!
You die...

##........
#.........
#...#.########
#.##.###≈≈≈≈∩#
#######.##....≈≈≈≈≈#
...............≈≈≈≈#
...........##...≈≈≈#
#######.#### #.r...#
#.# #@# #.######.#
#........#
##########


You could see a river rat.

Vanquished Creatures
  An adder (D:2)
  A worm (D:2)
  5 endoplasms
  3 giant cockroaches
  4 goblins
  3 hobgoblins
  4 jackals
  A quokka (D:1)
  6 ball pythons
  8 bats
  A frilled lizard (D:2)
  5 kobolds
  A rat (D:3)
43 creatures vanquished.

Notes
Turn   | Place    | Note
-------+----------+-------------------------------------------
     0 | D:1      | knot the Demonspawn Berserker began the quest for the Orb.
     0 | D:1      | Reached XP level 1. HP: 18/18 MP: 1/1
   135 | D:1      | Reached skill level 3 in Axes
   153 | D:1      | Gained mutation: You regenerate a little health from kills.
                  | [demonic ancestry]
   153 | D:1      | Reached XP level 2. HP: 18/24 MP: 2/2
   858 | D:1      | Found a faded altar of an unknown god.
  1036 | D:2      | Reached ** piety under Trog
  1131 | D:2      | Gained mutation: Your movements are slightly less
                  | encumbered by armour. (ER -2) [demonic ancestry]
  1131 | D:2      | Reached XP level 3. HP: 28/29 MP: 3/3
  1286 | D:2      | Reached skill level 4 in Axes
  2326 | D:3      | Found a glowing drain.
  2340 | D:3      | HP: 1/29 [river rat (9)]
  2344 | D:3      | Slain by a river rat

Illustrated notes

Levels and vault maps discovered:
D:1:      minmay_arrival_nine_rooms, layout_rooms, basic_ecumenical_altar
D:2:      layout_basic
D:3:      layout_loops_ring, minitemple, portal_sewer_entry_b,
          lemuel_old_faithful

Skill      XL: |  1  2  3 |
---------------+----------+-----
Axes           | 3 4 |  4.4
Fighting       | |  3.0
Armour         | |  1.7
Dodging        | |  1.7

Action                   || total
-------------------------++-------
Melee: Hand axe          ||   135
Invok: Berserk           ||     3
 Stab: Sleeping          ||     1
       Distracted        ||     1
Armor: Animal skin       ||    26
Dodge: Dodged            ||    87

Table legend: (Time is in decaauts)
 A = Elapsed time spent in this place.
 B = Non-inter-level travel time spent in this place.
 C = Inter-level travel time spent in this place.
 D = Time resting spent in this place.
 E = Time spent auto-exploring this place.
 F = Levels seen in this place.
 G = Mean time per level.
                   A        B        C        D        E       F      G
               +--------+--------+--------+--------+--------+-----+--------+
         Total |   2374 |   2351 |     23 |    802 |   1266 |   3 |  791.3 |
       Dungeon |   2374 |   2351 |     23 |    802 |   1266 |   3 |  791.3 |
               +--------+--------+--------+--------+--------+-----+--------+

Top non-repeatable levels by time:
     D:2: 1284 daAuts
     D:1: 1045 daAuts
     D:3: 45 daAuts
